 Dungeon Crawl Stone Soup version 0.24-a0-170-gd8427f5 (webtiles) character file.

Game seed: 13099559646224710575

3909 Atlas the Thaumaturge (level 10, -6/70 HPs)
             Began as a Mummy Necromancer on Mar 10, 2019.
             Was an Initiate of Gozag.
             Killed from afar by a gargoyle (8 damage)
             ... with a stone arrow
             ... on level 9 of the Dungeon.
             The game lasted 00:15:33 (10568 turns).

Atlas the Thaumaturge (Mummy Necromancer)          Turns: 10568, Time: 00:15:33

Health: -6/70      AC: 18    Str: 11    XL:     10   Next: 1%
Magic:  22/22      EV: 12    Int: 17    God:    Gozag
Gold:   1251       SH:  0    Dex: 14    Spells: 22/26 levels left

rFire    . . .     SeeInvis .   d - +1 mace (protect)
rCold    + + .     Gourm    .   (no shield)
rNeg     + + +     Faith    .   e - +0 ring mail
rPois    ∞         Spirit   .   a - +1 helmet
rElec    +         Reflect  .   k - +2 cloak
rCorr    +         Harm     .   (no gloves)
MR       +....                  (no boots)
Stlth    +.........             (no amulet)
HPRegen  0.21/turn              i - +5 ring of slaying
MPRegen  0.18/turn              w - +2 ring of slaying

@: resistant, protection aura, hasted, very quick
A: no food or potions, fire vulnerability, cold resistance 1, negative energy
resistance 3, torment resistance, unbreathing
a: Potion Petition, Call Merchant, Bribe Branch, Renounce Religion


You were on level 9 of the Dungeon.
You worshipped Gozag.
Gozag was most pleased with you.
You were not hungry.

You visited 2 branches of the dungeon, and saw 10 of its levels.

You collected 1277 gold pieces.
You paid 26 gold pieces to Gozag.

Inventory:

Hand Weapons
 d - a +1 mace of protection (weapon)
Armour
 a - a +1 helmet (worn)
 e - a +0 ring mail (worn)
 k - a +2 cloak (worn)
 v - the +6 scale mail "Yvais Ipsa" {rElec Int+3}
   (You found it on level 8 of the Dungeon)

   It affects your intelligence (+3).
   It insulates you from electricity.
Jewellery
 i - a +5 ring of slaying (left hand)
 o - an uncursed ring of protection from cold
 p - an uncursed ring of stealth
 r - an uncursed ring of protection from magic
 w - a +2 ring of slaying (right hand)
Wands
 h - a wand of paralysis (5)
 l - a wand of disintegration (9)
 q - a wand of flame (25)
 u - a wand of polymorph (1)
Scrolls
 b - 3 scrolls of immolation
 c - 5 scrolls of amnesia
 f - a scroll of enchant armour
 g - a scroll of noise
 j - a scroll of enchant weapon
 m - 2 scrolls of fog
 n - a scroll of teleportation {unknown}
 s - a scroll of blinking {unknown}
 t - 3 scrolls of remove curse
 x - a scroll of identify


   Skills:
 + Level 3.4 Fighting
   Level 1.4 Short Blades
 + Level 4.6 Maces & Flails
 + Level 4.2 Armour
 + Level 3.7 Dodging
 - Level 1.6 Stealth
 + Level 8.9 Spellcasting
 + Level 8.6 Necromancy
 + Level 0.6 Evocations


You had 22 spell levels left.
You knew the following spells:

 Your Spells              Type           Power        Failure   Level  Hunger
a - Pain                  Necr           ####         1%          1    N/A
c - Vampiric Draining     Necr           #####.....   1%          3    N/A

Your spell library contained the following spells:

 Spells                   Type           Power        Failure   Level  Hunger
 Animate Skeleton         Necr           N/A          1%          1    N/A
 Animate Dead             Necr           N/A          6%          4    N/A
 Confusing Touch          Hex            #.....       22%         1    N/A
 Infusion                 Chrm           #...         22%         1    N/A
 Shroud of Golubria       Chrm/Tloc      #.........   32%         2    N/A
 Song of Slaying          Chrm           #.......     32%         2    N/A
 Confuse                  Hex            #.......     54%         3    N/A
 Gell's Gravitas          Tloc           #.........   54%         3    N/A
 Spectral Weapon          Hex/Chrm       #.......     54%         3    N/A
 Petrify                  Tmut/Erth      #.......     91%         4    N/A
 Metabolic Englaciation   Hex/Ice        #.........   99%         5    N/A
 Yara's Violent Unravell  Hex/Tmut       #.........   99%         5    N/A
 Regeneration             Chrm/Necr      Unusable     N/A         3    N/A

Dungeon Overview and Level Annotations

Branches:
Dungeon (9/15)             Temple (1/1) D:5
   Lair: D:8-11         Orc: D:9-12

Altars:
Ashenzari
Cheibriados
Dithmenos
Elyvilon
Fedhas
Gozag
Hepliaklqana
Kikubaaqudgha
Makhleb
Nemelex Xobeh
Okawaru
Qazlal
Ru
Sif Muna
Trog
Uskayaw
Vehumet
Wu Jian
Xom
Yredelemnul
Zin
The Shining One

Annotations:
D:2 Grinder
D:9 Gastronok


Innate Abilities, Weirdness & Mutations

You do not eat or drink.
Your flesh is vulnerable to fire.
You are immune to poison.
Your flesh is cold resistant. (rC+)
You are immune to negative energy. (rN+++)
You are immune to unholy pain and torment.
You can survive without breathing.


Message History

* * * LOW HITPOINT WARNING * * *
You barely miss the gargoyle. The gargoyle closely misses you.
You barely miss the gargoyle. You barely miss the gargoyle.
The gargoyle closely misses you.
You hit the gargoyle.
The gargoyle is lightly damaged.
You hit the gargoyle but do no damage.
The gargoyle is lightly damaged.
The gargoyle hurls a stone arrow at you.
The stone arrow misses you.
You hit the gargoyle but do no damage.
The gargoyle is lightly damaged.
The gargoyle hurls a stone arrow at you.
The stone arrow misses you.
You hit the gargoyle but do no damage.
The gargoyle is lightly damaged.
The gargoyle hurls a stone arrow at you.
The stone arrow hits you!
You die...
Your body crumbles into a pile of gold.

####### ....... ......^
§§.....
#############§§.....
#####.........§§@9§..)..
......###########§§.....
####### §§..... .......
###+###


You could see a gargoyle.

Vanquished Creatures
  Erica (D:8)
  3 ice beasts
  A black bear (D:7)
  A phantom (D:8)
  2 sky beasts
  2 centaurs
  3 ogres
  Blork the orc (D:8)
  A bullfrog (D:7)
  3 scorpions
  15 killer bees
  6 wights
  A howler monkey (D:4)
  3 crimson imps
  2 jellies (D:5)
  7 orc priests
  Crazy Yiuf (D:3)
  3 hounds
  3 bullfrog skeletons
  An iguana (D:5)
  5 orc wizards
  3 worker ants (D:5)
  9 adders
  A shadow imp (D:5)
  An ooze (D:6)
  8 adder skeletons
  3 worms
  2 dart slugs
  4 leopard geckos
  23 orcs
  5 giant cockroaches
  4 hobgoblins
  6 jackals
  3 kobolds
  3 quokkas
  2 ball pythons
  5 bats
  5 frilled lizards
  6 goblins
  A leopard gecko zombie (D:6)
  A quokka skeleton (D:4)
  9 rats
169 creatures vanquished.

Notes
Turn   | Place    | Note
-------+----------+-------------------------------------------
     0 | D:1      | Atlas the Mummy Necromancer began the quest for the Orb.
     0 | D:1      | Reached XP level 1. HP: 13/13 MP: 4/4
   530 | D:1      | Reached XP level 2. HP: 19/19 MP: 1/5
  1160 | D:2      | Reached XP level 3. HP: 21/24 MP: 1/7
  1321 | D:2      | Learned a level 3 spell: Vampiric Draining
  1323 | D:2      | Found an opulent altar of Gozag.
  1336 | D:2      | Became a worshipper of Gozag Ym Sagoz the Greedy
  1410 | D:2      | Reached skill level 5 in Necromancy
  1631 | D:1      | Reached XP level 4. HP: 20/30 MP: 0/9
  1988 | D:2      | Found a sacrificial altar of Ru.
  2526 | D:3      | Found a runed translucent door.
  2527 | D:3      | Noticed Crazy Yiuf
  2866 | D:3      | Noticed Grinder
  3267 | D:3      | Found an iron altar of Okawaru.
  3327 | D:3      | Found a burning altar of Makhleb.
  3490 | D:3      | Killed Crazy Yiuf
  3490 | D:3      | Reached XP level 5. HP: 21/35 MP: 1/11
  3647 | D:4      | Reached skill level 1 in Armour
  4294 | D:4      | Reached XP level 6. HP: 38/42 MP: 13/13
  4353 | D:4      | Reached skill level 5 in Spellcasting
  5061 | D:5      | Entered Level 5 of the Dungeon
  5080 | D:5      | Noticed a sky beast
  5084 | D:5      | Reached skill level 1 in Short Blades
  5337 | D:5      | Killed a sky beast
  5337 | D:5      | Reached skill level 1 in Fighting
  5337 | D:5      | Reached XP level 7. HP: 47/48 MP: 7/15
  5666 | D:5      | Found a snail-covered altar of Cheibriados.
  5712 | D:5      | Found a white marble altar of Elyvilon.
  5938 | D:5      | Found a staircase to the Ecumenical Temple.
  5989 | Temple   | Entered the Ecumenical Temple
  6570 | D:6      | Found a shattered altar of Ashenzari.
  6657 | D:6      | Reached XP level 8. HP: 47/54 MP: 17/17
  6664 | D:6      | Reached skill level 1 in Maces & Flails
  8271 | D:7      | Reached XP level 9. HP: 29/62 MP: 5/20
  9103 | D:8      | Identified the +6 scale mail "Yvais Ipsa" {rElec Int+3}
                  | (You found it on level 8 of the Dungeon)
  9146 | D:8      | Found a shattered altar of Ashenzari.
  9146 | D:8      | Found a sparkling altar of Nemelex Xobeh.
  9621 | D:8      | Noticed Blork the orc
  9633 | D:8      | Killed Blork the orc
  9686 | D:8      | Found a deep blue altar of Sif Muna.
  9804 | D:8      | Noticed Erica
  9818 | D:8      | Killed Erica
  9872 | D:8      | Got an encrusted mace
  9873 | D:8      | Identified the +3 mace "Oplichid" {holy, rElec rPois rF-
                  | MR+} (You found it on level 8 of the Dungeon)
 10024 | D:9      | Noticed Gastronok
 10041 | D:9      | HP: 2/64 [Gastronok/the air (14)]
 10487 | D:9      | Reached XP level 10. HP: 63/70 MP: 17/22
 10548 | D:9      | Noticed a gargoyle
 10561 | D:9      | HP: 1/70 [gargoyle/stone arrow (23)]
 10568 | D:9      | Killed from afar by a gargoyle

Levels and vault maps discovered:
D:1:      grunt_arrival_crossed_arrows, layout_basic
D:2:      layout_rooms, nicolae_gozag_seed_capital,
          nicolae_ru_the_path_less_chosen
D:3:      layout_basic, okawaru_metal_pillars_3, lemuel_round_altar,
          uniq_grinder, uniq_crazy_yiuf_cottage
D:4:      layout_loops_cross, first_ration, minmay_quadrilaterals
D:5:      layout_cave_pools, nicolae_overflow_crystal_walls,
          kennysheep_mini_moat, minmay_temple_entry_mini_moons
D:6:      layout_gridville, basic_altar
D:7:      layout_loops_ring
D:8:      layout_loops_ring, gammafunk_temple_overflow_elements, tgw_sif,
          uniq_erica
D:9:      layout_roguey, lemuel_round_altar, uniq_gastronok
Temple:   minmay_temple_curvy_branch

Skill      XL: |  1  2  3  4  5  6  7  8  9 |
---------------+----------------------------+-----
Spellcasting   | 3 4 5 6 7 8 |  8.9
Necromancy     | 5 6 7 8 |  8.6
Armour         | 1 2 3 4 |  4.2
Short Blades   | 1 |  1.4
Fighting       | 1 2 3 |  3.4
Dodging        | 2 3 |  3.7
Maces & Flails | 3 4 |  4.6
Stealth        | |  1.6
Evocations     | |  0.6

Action                   |  1- 3 |  4- 6 |  7- 9 | 10-12 || total
-------------------------+-------+-------+-------+-------++-------
Melee: Unarmed           |    29 |     8 |       |       ||    37
       Dagger            |       |   154 |    63 |       ||   217
       Mace              |       |       |   340 |    13 ||   353
 Cast: Pain              |    65 |    67 |    92 |       ||   224
       Vampiric Draining |     1 |    11 |    26 |       ||    38
Invok: Potion Petition   |       |       |       |     1 ||     1
Evoke: Wand              |       |       |     6 |     3 ||     9
  Use: Scroll            |       |     5 |     6 |     2 ||    13
 Stab: Distracted        |       |     1 |     3 |       ||     4
       Sleeping          |       |       |     2 |       ||     2
Armor: Robe              |     7 |       |       |       ||     7
       Ring mail         |     8 |    88 |   253 |       ||   349
Dodge: Dodged            |    28 |    98 |   347 |     7 ||   480

Table legend:
 A = Non-vault XP
 B = Vault XP
 C = Vault XP percentage of total XP
 D = Non-vault monster count
 E = Vault monster count
 F = Vault count percentage of total count
                 A         B        C        D         E       F
            +---------+---------+-------+---------+---------+-------
      Total |    4459 |    1126 |  20.2 |     163 |       6 |   3.6
            +---------+---------+-------+---------+---------+-------
        D:1 |      50 |       0 |   0.0 |      25 |       0 |   0.0
        D:2 |      70 |       0 |   0.0 |      16 |       0 |   0.0
        D:3 |     114 |      42 |  26.9 |      15 |       1 |   6.2
        D:4 |     220 |      87 |  28.3 |      18 |       3 |  14.3
        D:5 |     647 |       0 |   0.0 |      16 |       0 |   0.0
        D:6 |     856 |       0 |   0.0 |      33 |       0 |   0.0
        D:7 |    1408 |       0 |   0.0 |      26 |       0 |   0.0
        D:8 |     711 |     997 |  58.4 |      10 |       2 |  16.7
        D:9 |     383 |       0 |   0.0 |       4 |       0 |   0.0
            +---------+---------+-------+---------+---------+-------
